 Dungeon Crawl Stone Soup version 0.27-a0-679-g77a6b55cf3 (webtiles) character file.

Game seed: 3715462945821768998

349 Ijustatesigmund the Skirmisher (level 6, -2/49 HPs)
             Began as a Demonspawn Fighter on Mar 19, 2021.
             Was a Believer of Cheibriados.
             Slain by a lemure (5 damage)
             ... led by Pikel
             ... on level 4 of the Dungeon.
             The game lasted 00:05:58 (4135 turns).

Ijustatesigmund the Skirmisher (Demonspawn Fighter) Turns: 4135, Time: 00:05:59

Health: -2/49      AC:  6    Str: 21    XL:     6   Next: 33%
Magic:  8/8        EV:  8    Int: 16    God:    Cheibriados [**....]
Gold:   110        SH:  9    Dex: 18    Spells: 5/5 levels left

rFire    . . .     SeeInvis .   a - +2 war axe
rCold    . . .     Faith    .   c - +0 kite shield
rNeg     . . .     Spirit   .   b - +0 scale mail
rPois    .         Reflect  .   (helmet restricted)
rElec    .         Harm     .   (no cloak)
rCorr    +         Rampage  .   (no gloves)
Will     .....                  (no boots)
Stlth    ..........             (no amulet)
HPRegen  0.16/turn              g - ring of resist corrosion
MPRegen  0.11/turn              (no ring)

@: flying, very slow
A: antennae 1, demonic guardian 1, ignite blood 1
a: Renounce Religion, Bend Time


You were on level 4 of the Dungeon.
You worshipped Cheibriados.
Cheibriados was pleased with you.
You visited 1 branch of the dungeon, and saw 4 of its levels.

You collected 110 gold pieces.

Inventory:

Hand Weapons
 a - a +2 war axe (weapon)
Missiles
 h - 2 silver boomerangs (quivered)
Armour
 b - a +0 scale mail (worn)
 c - a +0 kite shield (worn)
Jewellery
 g - a ring of resist corrosion (right hand)
Potions
 e - 2 potions of magic


   Skills:
 + Level 4.3 Fighting
 + Level 3.7 Axes
 - Level 2.6 Armour
 + Level 2.7 Dodging
 - Level 2.6 Shields
 + Level 3.2 Invocations


You had 5 spell levels left.
You didn't know any spells.
Your spell library was empty.

Dungeon Overview and Level Annotations

Branches:
Dungeon (4/15)
 Temple: D:4-7

Altars:
Ashenzari
Cheibriados
Fedhas
Ru
Sif Muna
Vehumet
Wu Jian

Annotations:
D:4 Pikel


Innate Abilities, Weirdness & Mutations

You have a pair of small antennae on your head.
A weak demonic guardian rushes to your aid.
Your demonic aura sometimes causes spilled blood to erupt in flames


Message History

You feel better.
Pikel hits your ufetubus with a +0 whip of freezing!
Your ufetubus dies!
The lemure hits you! The lemure hits you. The lemure hits you.
You block the lemure's attack.
The lemure hits you but does no damage. x2
The lemure hits you. You block the orc's attack. The lemure hits you!
* * * LOW HITPOINT WARNING * * *
You block the lemure's attack. You block the lemure's attack.
Found a scroll of identify.
The orc closely misses you.
You see here a scroll of identify.
The orc closely misses you.
You barely miss the orc. You barely miss the lemure.
You block the orc's attack. The lemure closely misses you.
Your shield prevents you from hitting the orc.
You hit the lemure.
Pikel cracks his whip.
The orc closely misses you. The lemure hits you.
* * * LOW HITPOINT WARNING * * *
The lemure hits you.
* * * LOW HITPOINT WARNING * * *
A demonic guardian appears!
You block the orc's attack. You block the lemure's attack.
You slash the orc!
You kill the orc!
Cheibriados appreciates the change of pace.
You hit the lemure. You slash the lemure! The lemure hits you.
* * * LOW HITPOINT WARNING * * *
The lemure hits you.
* * * LOW HITPOINT WARNING * * *
You block the orc's attack.
Your iron imp hits the orc but does no damage.
The lemure hits you.
You die...

###..........#.....
##................
#.......#.........
###..Ko...#......##.
#..5..5..........#
###5##{............
#.K5#.........#...
#5o5##...###.$#..#
##@####.## ### ###
###


You could see Pikel, 4 lemures, an orc (ally target) and a friendly iron imp
(summoned).

Vanquished Creatures
  A jelly (D:3)
  A centaur skeleton (D:4)
  An orc priest (D:4)
  A worker ant (D:4)
  2 orc wizards
  A howler monkey zombie (D:4)
  7 adders
  An ooze (D:2)
  An adder skeleton (D:4)
  2 worms (D:2)
  2 dart slugs
  3 leopard geckos
  13 orcs
  5 bats
  9 giant cockroaches
  7 goblins
  10 hobgoblins
  2 jackals (D:1)
  4 quokkas
  A ball python (D:1)
  3 frilled lizards
  6 kobolds
  A leopard gecko skeleton (D:4)
  A quokka skeleton (D:4)
  5 rats
90 creatures vanquished.

Vanquished Creatures (collateral kills)
  An orc (D:4)
1 creature vanquished.

Grand Total: 91 creatures vanquished

Notes
Turn   | Place    | Note
-------+----------+-------------------------------------------
     0 | D:1      | Ijustatesigmund the Demonspawn Fighter began the quest for
                  | the Orb.
     0 | D:1      | Reached XP level 1. HP: 18/18 MP: 1/1
     0 | D:1      | Noticed a shadow dragon
     1 | D:1      | Noticed a red draconian
     3 | D:1      | Noticed a tentacled monstrosity
     5 | D:1      | Noticed an orb of fire
     6 | D:1      | Noticed a shadow dragon
     8 | D:1      | Noticed a shadow dragon
    13 | D:1      | Noticed a shadow dragon
    13 | D:1      | Noticed an ice dragon
    15 | D:1      | Noticed an orb of fire
    15 | D:1      | Noticed an orb of fire
    17 | D:1      | Noticed an ice dragon
    17 | D:1      | Noticed an iron dragon
    19 | D:1      | Noticed a large abomination
    21 | D:1      | Noticed a large abomination
   114 | D:1      | Gained mutation: You have a pair of small antennae on your
                  | head. [demonic ancestry]
   114 | D:1      | Reached XP level 2. HP: 14/24 MP: 2/2
   708 | D:1      | Reached skill level 1 in Dodging
   816 | D:1      | Gained mutation: A weak demonic guardian rushes to your
                  | aid. [demonic ancestry]
   816 | D:1      | Reached XP level 3. HP: 29/29 MP: 3/3
  1102 | D:2      | Found a snail-covered altar of Cheibriados.
  1113 | D:2      | Became a worshipper of Cheibriados the Contemplative
  1551 | D:2      | Found a shimmering blue altar of Sif Muna.
  1846 | D:2      | Found a radiant altar of Vehumet.
  1939 | D:2      | Gained mutation: Your demonic aura sometimes causes spilled
                  | blood to erupt in flames [demonic ancestry]
  1939 | D:2      | Reached XP level 4. HP: 31/35 MP: 4/4
  2009 | D:2      | Reached skill level 1 in Invocations
  2266 | D:2      | Found a broken altar of Ashenzari.
  2621 | D:2      | Reached * piety under Cheibriados
  2912 | D:3      | Reached XP level 5. HP: 36/42 MP: 6/6
  3295 | D:3      | Found an ornate altar of the Wu Jian Council.
  3340 | D:3      | Found a blossoming altar of Fedhas.
  3464 | D:3      | Found a sacrificial altar of Ru.
  3882 | D:4      | Reached skill level 4 in Fighting
  3997 | D:4      | Reached XP level 6. HP: 45/48 MP: 8/8
  4027 | D:4      | Reached ** piety under Cheibriados
  4112 | D:4      | Noticed Pikel
  4135 | D:4      | Slain by a lemure

Illustrated notes

Levels and vault maps discovered:
D:1:      shiori_arrival_whats_in_store_for_you, layout_loops_ring
D:2:      layout_basic, old_standard_altar, nicolae_sif_muna_condensation,
          nicolae_overflow_crystal_walls, general_overflow_altar
D:3:      layout_rooms, marbit_many_paths, nicolae_ru_great_annihilating_truth,
          nicolae_wu_jian_immortal_techniques
D:4:      layout_cave_pools, minitemple, minmay_joined_circles, uniq_pikel

Skill      XL: |  1  2  3  4  5  6 |
---------------+-------------------+-----
Axes           | 2 3 |  3.7
Dodging        | 1 2 |  2.7
Invocations    | 1 2 3 |  3.2
Fighting       | 4 |  4.3
Armour         | |  2.6
Shields        | |  2.6

Action                   |  1- 3 |  4- 6 || total
-------------------------+-------+-------++-------
Melee: War axe           |    90 |   132 ||   222
  Use: Scroll            |     2 |     6 ||     8
       Potion            |     1 |     2 ||     3
 Stab: Distracted        |     1 |       ||     1
       Paralysed         |       |     1 ||     1
Armor: Scale mail        |    40 |    57 ||    97
Dodge: Dodged            |    28 |    50 ||    78
Block: Kite shield       |    48 |    82 ||   130

Table legend: (Time is in decaauts)
 A = Elapsed time spent in this place.
 B = Non-inter-level travel time spent in this place.
 C = Inter-level travel time spent in this place.
 D = Time resting spent in this place.
 E = Time spent auto-exploring this place.
 F = Levels seen in this place.
 G = Mean time per level.
                   A        B        C        D        E       F      G
               +--------+--------+--------+--------+--------+-----+--------+
         Total |   4694 |   4602 |     92 |   1110 |   2812 |   4 | 1173.5 |
       Dungeon |   4694 |   4602 |     92 |   1110 |   2812 |   4 | 1173.5 |
               +--------+--------+--------+--------+--------+-----+--------+

Top non-repeatable levels by time:
     D:2: 2005 daAuts
     D:3: 1218 daAuts
     D:1: 1097 daAuts
     D:4: 373 daAuts
